 Dungeon Crawl Stone Soup version 0.27-a0-385-g3208abaabc (webtiles) character file.

Game seed: 2026451980317191923

105 jestyr24 the Covered (level 4, 0/40 HPs)
             Began as a Minotaur Fighter on Feb 20, 2021.
             Slain by Natasha (2 damage)
             ... on level 2 of the Dungeon.
             The game lasted 00:03:30 (961 turns).

jestyr24 the Covered (Minotaur Fighter)              Turns: 961, Time: 00:03:31

Health: 0/40       AC:  7    Str: 21    XL:     4   Next: 54%
Magic:  3/3        EV:  8    Int:  5    God:
Gold:   101        SH:  9    Dex: 10    Spells: 3/3 levels left

rFire    . . .     SeeInvis .   j - +2 whip (vamp)
rCold    . . .     Faith    .   c - +0 kite shield
rNeg     . . .     Spirit   .   b - +0 scale mail
rPois    .         Reflect  .   (helmet restricted)
rElec    .         Harm     .   (no cloak)
rCorr    .         Rampage  .   (no gloves)
Will     .....                  (no boots)
Stlth    ..........             (no amulet)
HPRegen  0.13/turn              (no ring)
MPRegen  0.08/turn              (no ring)

@: slowed, very slow
A: retaliatory headbutt, horns 2
a: no special abilities


You were on level 2 of the Dungeon.
You visited 1 branch of the dungeon, and saw 2 of its levels.

You collected 101 gold pieces.

Inventory:

Hand Weapons
 a - a +0 war axe
 j - a +2 vampiric whip (weapon)
Armour
 b - a +0 scale mail (worn)
 c - a +0 kite shield (worn)
Scrolls
 e - a scroll of identify
 f - a scroll of amnesia {unknown}
 i - a scroll of enchant armour {unknown}
Potions
 d - 3 potions of might
 h - 2 potions of lignification


   Skills:
 + Level 4.1 Fighting
 + Level 3.9(4.1) Axes
 - Level 1.8(3.1) Maces & Flails
 + Level 4.2 Armour
 + Level 1.0 Dodging
 + Level 4.0 Shields


You had 3 spell levels left.
You didn't know any spells.
Your spell library was empty.

Dungeon Overview and Level Annotations

Branches:
Dungeon (2/15)

Altars:

Annotations:
D:2 Natasha


Innate Abilities, Weirdness & Mutations

You reflexively headbutt those who attack you in melee.
You have a pair of horns on your head.


Message History

You feel yourself speed up. The adder closely misses you.
The adder bites you but does no damage.
You hit the adder. Your headbutt misses the adder.
The adder is almost dead.
The adder barely misses you.
You miss the adder. Your headbutt misses the adder.
The adder is almost dead.
The adder bites you but does no damage. You block the adder's attack.
You hit the adder.
You feel better.
You kill the adder!
Your Dodging skill increases to level 1!
You start resting.
Natasha, Servant of Life and Death comes into view.
Natasha casts a spell.
You start resting.
Natasha is nearby!
Natasha casts a spell.
The iron imp shouts, "Give in, thou baffled nose-picking brigand!"
The iron imp disappears in a puff of smoke!
Natasha casts a spell at you. You resist with some effort.
Natasha stares at you and mumbles some strange words.
You feel yourself slow down.
Natasha wildly gestures.
Natasha shimmers violently.
You block Natasha's attack. Natasha barely misses you.
You closely miss the crimson imp.
The crimson imp hits you but does no damage.
Natasha stares at you and mumbles some strange words.
The magic dart hits you!
* * * LOW HITPOINT WARNING * * *
The crimson imp hits you but does no damage.
Unknown command.
As you read the scroll labelled DISSYPT TEFFER, it crumbles to dust.
It is a scroll of identify.
h - 2 potions of lignification You block Natasha's attack.
The crimson imp hits you but does no damage.
Natasha claws you.
You die...

.##5# #..##..
.##.## #..##.# ##
.#...###.#..##.##.#
.....†...#..##.#..#
##...#####..##....#
##...............#
########........#
##.##)...#
#.##.5@.# #.#..#h.#
#.#.###.# ..#.# ###
###.# ###
#.######.#
######.....<..#
.....[...#######
########.#


You could see Natasha and a crimson imp (summoned).

Vanquished Creatures
  Natasha (twice) (D:2)
  2 adders (D:2)
  3 dart slugs
  2 bats (D:1)
  A giant cockroach (D:1)
  5 goblins (D:1)
  7 hobgoblins (D:1)
  4 frilled lizards (D:1)
  3 kobolds
  3 rats
32 creatures vanquished.

Notes
Turn   | Place    | Note
-------+----------+-------------------------------------------
     0 | D:1      | jestyr24 the Minotaur Fighter began the quest for the Orb.
     0 | D:1      | Reached XP level 1. HP: 19/19 MP: 0/0
   164 | D:1      | Reached XP level 2. HP: 27/27 MP: 1/1
   639 | D:1      | Reached XP level 3. HP: 28/33 MP: 2/2
   815 | D:2      | Noticed Natasha
   823 | D:2      | Killed Natasha
   857 | D:2      | Reached XP level 4. HP: 28/40 MP: 3/3
   877 | D:2      | Noticed Natasha
   891 | D:2      | Killed Natasha
   892 | D:2      | Reached skill level 1 in Maces & Flails
   914 | D:2      | Reached skill level 1 in Dodging
   933 | D:2      | Noticed Natasha
   960 | D:2      | HP: 2/40 [Natasha/magic dart (10)]
   961 | D:2      | Slain by Natasha

Illustrated notes

Levels and vault maps discovered:
D:1:      amcnicky_arrival_choice, layout_loops_ring, minmay_small_reverse_x
D:2:      layout_loops_ring, lemuel_coloured_pillars_altar,
          uniq_crazy_yiuf_cottage, uniq_sigmund, uniq_natasha

Skill      XL: |  1  2  3  4 |
---------------+-------------+-----
Fighting       | 4 |  4.1
Axes           | 3 |  3.9
Armour         | 4 |  4.2
Shields        | 4 |  4.0
Maces & Flails | 1 |  1.8
Dodging        | 1 |  1.0

Action                   |  1- 3 |  4- 6 || total
-------------------------+-------+-------++-------
Melee: War axe           |    71 |       ||    71
       Headbutt          |    10 |     2 ||    12
       Whip              |       |    19 ||    19
  Use: Scroll            |       |     1 ||     1
       Potion            |       |     1 ||     1
Armor: Scale mail        |    24 |     9 ||    33
Dodge: Dodged            |    17 |     6 ||    23
Block: Kite shield       |    41 |     9 ||    50

Table legend: (Time is in decaauts)
 A = Elapsed time spent in this place.
 B = Non-inter-level travel time spent in this place.
 C = Inter-level travel time spent in this place.
 D = Time resting spent in this place.
 E = Time spent auto-exploring this place.
 F = Levels seen in this place.
 G = Mean time per level.
                   A        B        C        D        E       F      G
               +--------+--------+--------+--------+--------+-----+--------+
         Total |   1019 |    977 |     42 |     44 |    520 |   2 |  509.5 |
       Dungeon |   1019 |    977 |     42 |     44 |    520 |   2 |  509.5 |
               +--------+--------+--------+--------+--------+-----+--------+

Top non-repeatable levels by time:
     D:1: 822 daAuts
     D:2: 196 daAuts
